 Dungeon Crawl Stone Soup version 0.26-a0-639-g72c4674329 (webtiles) character file.

Game seed: 2877931404457969186

91 MrRokkomies the Sneak (level 4, -6/39 HPs)
             Began as a Demigod Delver on Sept 15, 2020.
             Killed by divine providence
             ... invoked by an orc priest
              (16 damage)
             ... on level 3 of the Dungeon.
             The game lasted 00:03:43 (1243 turns).

MrRokkomies the Sneak (Demigod Delver)              Turns: 1243, Time: 00:03:43

Health: -6/39      AC:  4    Str: 17    XL:     4   Next: 11%
Magic:  6/6        EV: 12    Int: 14    God:
Gold:   55         SH:  0    Dex: 17    Spells: 3/3 levels left

rFire    . . .     SeeInvis .   a - +0 falchion
rCold    . . .     Faith    .   (no shield)
rNeg     . . .     Spirit   .   u - +0 leather armour {MR+}
rPois    .         Reflect  .   (no helmet)
rElec    .         Harm     .   (no cloak)
rCorr    .         Rampage  .   p - +0 pair of gloves
MR       +....                  (no boots)
Stlth    +++.......             (no amulet)
HPRegen  0.13/turn              (no ring)
MPRegen  0.10/turn              (no ring)

@: no status effects
A: high mp 1
a: no special abilities


You were on level 3 of the Dungeon.
You visited 1 branch of the dungeon, and saw 3 of its levels.

You collected 55 gold pieces.

Inventory:

Hand Weapons
 a - a +0 falchion (weapon)
 b - a +0 hunting sling
 m - a +1 dagger of holy wrath
Missiles
 h - 14 sling bullets
 w - 51 stones (quivered)
Armour
 p - a +0 pair of gloves (worn)
 u - a +0 leather armour of magic resistance (worn)
 v - a +0 leather armour
Jewellery
 k - an uncursed ring of ice
 y - an uncursed ring of fire
Wands
 g - a wand of digging (3)
Scrolls
 c - a scroll of fog
 d - a scroll of magic mapping
 e - a scroll of fear
 i - 2 scrolls of remove curse
 n - a scroll of noise {unknown}
 o - a scroll of immolation {unknown}
 s - a scroll of teleportation {unknown}
 t - a scroll of identify {unknown}
Potions
 f - a potion of haste
 q - a potion of magic {unknown}
 r - a potion of resistance {unknown}
 x - a potion of curing {unknown}


   Skills:
 * Level 3.6 Fighting
 * Level 3.0 Long Blades
 + Level 2.4 Dodging
 - Level 4.5 Stealth


You had 3 spell levels left.
You didn't know any spells.
Your spell library was empty.

Dungeon Overview and Level Annotations

Branches:
Dungeon (5/15)             Temple (0/1) D:4

Shops:
D:4 =


Innate Abilities, Weirdness & Mutations

You have an increased reservoir of magic. (+10% MP)


Message History

You barely miss the orc priest.
The orc priest is severely wounded.
The orc wizard barely misses you. The orc wizard misses you.
You riposte.
You hit the orc wizard.
The orc wizard is heavily wounded.
The orc priest hits you with a +0 short sword!
You hit the orc priest.
The orc priest is almost dead.
A quokka comes into view.
The orc wizard hits you with a +0 spear.
The orc priest closely misses you.
The orc wizard hits you with a +0 spear.
Unknown command.
You hit the orc priest but do no damage.
The orc priest is almost dead.
The orc wizard hits you with a +0 spear.
* * * LOW HITPOINT WARNING * * *
The orc priest invokes the aid of Beogh against you.
Beogh smites you!
You die...

#.#######
.......(#
#o# #@#
#####
..#.##o####
#....
...o..ro...#
#.###
(....(((##.#
#.# #
#.########.#
#.### #.#
### #.##.
##.###.##
#.##. ##+##
#...#...##
#.##.
##...##
#........#
#.##.


You could see an orc priest, an orc wizard (fast), an orc and a quokka.

Vanquished Creatures
  An orc priest (D:3)
  A hound skeleton (D:5)
  2 adders
  An adder zombie (D:5)
  2 worms (D:4)
  A dart slug (D:3)
  An orc (D:3)
  2 ball pythons
  A giant cockroach (D:3)
  2 goblins (D:3)
  4 jackals (D:3)
  A quokka (D:5)
  2 bats (D:3)
  A kobold (D:3)
22 creatures vanquished.

Notes
Turn   | Place    | Note
-------+----------+-------------------------------------------
     0 | D:5      | MrRokkomies the Demigod Delver began the quest for the Orb.
     0 | D:5      | Reached XP level 1. HP: 18/18 MP: 3/3
   188 | D:5      | Reached XP level 2. HP: 26/26 MP: 4/4
   423 | D:4      | Found a staircase to the Ecumenical Temple.
   487 | D:4      | Reached XP level 3. HP: 20/31 MP: 5/5
   683 | D:4      | Found Igao's Jewellery Shop.
  1233 | D:3      | Reached XP level 4. HP: 14/39 MP: 6/6
  1243 | D:3      | Killed from afar by an orc priest

Illustrated notes

Levels and vault maps discovered:
D:3:      layout_loops_corners, chequers_temple_overflow_statue_of_worship,
          lightli_temple_of_fire, corner_web_ring, uniq_natasha, uniq_terence
D:4:      layout_basic, minmay_temple_entry_water_ring, serial_shops, shop
D:5:      layout_basic

Skill      XL: |  1  2  3  4 |
---------------+-------------+-----
Long Blades    | 2 3 |  3.0
Fighting       | 3 |  3.6
Dodging        | 2 |  2.4
Stealth        | |  4.5

Action                   |  1- 3 |  4- 6 || total
-------------------------+-------+-------++-------
Melee: Falchion          |    65 |     8 ||    73
 Fire: Hunting sling     |     6 |       ||     6
Throw: Javelin           |    10 |     1 ||    11
  Use: Scroll            |     1 |       ||     1
       Potion            |       |     1 ||     1
 Stab: Sleeping          |     4 |       ||     4
Armor: Leather armour    |    17 |     1 ||    18
Dodge: Dodged            |    56 |    13 ||    69
       Rpst.: Falchion   |    12 |     4 ||    16

Table legend: (Time is in decaauts)
 A = Elapsed time spent in this place.
 B = Non-inter-level travel time spent in this place.
 C = Inter-level travel time spent in this place.
 D = Time resting spent in this place.
 E = Time spent auto-exploring this place.
 F = Levels seen in this place.
 G = Mean time per level.
                   A        B        C        D        E       F      G
               +--------+--------+--------+--------+--------+-----+--------+
         Total |   1258 |   1248 |     10 |    213 |    676 |   3 |  419.3 |
       Dungeon |   1258 |   1248 |     10 |    213 |    676 |   3 |  419.3 |
               +--------+--------+--------+--------+--------+-----+--------+

Top non-repeatable levels by time:
     D:3: 544 daAuts
     D:4: 473 daAuts
     D:5: 240 daAuts
